3L
WIZARDING AC RAVENCLAWS @ CHICAGO HAWKS
09/01/2018
 
TOP OF THE 1ST
Wizarding AC Ravenclaws batting - Pitching for Chicago Hawks : LHP Tim Powell
Pitching: LHP Tim Powell
Batting: RHB Pete Davidson 0-0: Ball
1-0: Swinging Strike
1-1: Called Strike
1-2: Foul Ball, location: 2F
1-2: Ball
2-2: Ball
3-2: Foul Ball, location: 2F
3-2: Base on Balls
Batting: RHB Matt Terry 0-0: Ground out 6-3 (Groundball, 6MS)
Pete Davidson to second
Batting: LHB William Wise 0-0: Ball
1-0: Called Strike
1-1: Swinging Strike
1-2: Strikes out swinging
Batting: RHB Cole Shaffer 0-0: Ball
1-0: Foul Ball, location: 2F
1-1: Swinging Strike
1-2: Strikes out swinging
Top of the 1st over - 0 run(s), 0 hit(s), 0 error(s), 1 left on base; Wizarding AC 0 - Chicago 0
BOTTOM OF THE 1ST
Chicago Hawks batting - Pitching for Wizarding AC Ravenclaws : LHP Ken Burton
Pitching: LHP Ken Burton
Batting: LHB Motoshige Kitamura 0-0: Called Strike
0-1: Ball
1-1: Foul Ball, location: 2F
1-2: Ground out U3 (Groundball, 3S)
Batting: RHB Ed Whitaker 0-0: Called Strike
0-1: Ball
1-1: Ground out 6-3 (Groundball, 6M)
Batting: RHB Bryan Manning 0-0: Ball
1-0: Foul Ball, location: 2F
1-1: Ground out 4-3 (Groundball, 4)
Bottom of the 1st over - 0 run(s), 0 hit(s), 0 error(s), 0 left on base; Wizarding AC 0 - Chicago 0
TOP OF THE 2ND
Wizarding AC Ravenclaws batting - Pitching for Chicago Hawks : LHP Tim Powell
Batting: LHB Jerry Harris 0-0: SINGLE (Groundball, 56D)
Batting: RHB Pablo León 0-0: Called Strike
0-1: Foul Ball, location: 2F
0-2: Foul Ball, location: 2F
0-2: Foul Ball, location: 2F
0-2: Ball
1-2: Strikes out swinging
Batting: RHB Arlen King 0-0: Grounds into double play, 4-6-3 (Groundball, 4)
Top of the 2nd over - 0 run(s), 1 hit(s), 0 error(s), 0 left on base; Wizarding AC 0 - Chicago 0
BOTTOM OF THE 2ND
Chicago Hawks batting - Pitching for Wizarding AC Ravenclaws : LHP Ken Burton
Batting: RHB Jack Tucker 0-0: SINGLE (Groundball, 6D)
Batting: SHB Mark Kennedy 0-0: Ball
1-0: Ball
2-0: Called Strike
2-1: Foul Ball, location: 2F
2-2: Strikes out swinging
Batting: LHB Paul Wilson 0-0: Ball
1-0: Ball
2-0: Ball
3-0: Base on Balls
Jack Tucker to second
Batting: RHB Raúl Hernández 0-0: Called Strike
0-1: Foul Ball, location: 2F
0-2: Ball
1-2: Strikes out swinging
Batting: RHB Ted Young 0-0: Fly out, F3 (Popup, 23F)
Bottom of the 2nd over - 0 run(s), 1 hit(s), 0 error(s), 2 left on base; Wizarding AC 0 - Chicago 0
TOP OF THE 3RD
Wizarding AC Ravenclaws batting - Pitching for Chicago Hawks : LHP Tim Powell
Batting: RHB Juan Torres 0-0: Ball
1-0: Called Strike
1-1: Fly out, F8 (Flyball, 8LS)
Batting: LHB Ken Burton 0-0: Foul Ball, location: 2F
0-1: Ball
1-1: Ball
2-1: Fly out, F5 (Popup, 5SF)
Batting: RHB Pete Davidson 0-0: Ball
1-0: Ball
2-0: Ball
3-0: Base on Balls
Batting: RHB Matt Terry 0-0: Ball
1-0: Ball
2-0: Swinging Strike
2-1: Swinging Strike
2-2: Ball
3-2: Fly out, F8 (Flyball, 8RS)
Top of the 3rd over - 0 run(s), 0 hit(s), 0 error(s), 1 left on base; Wizarding AC 0 - Chicago 0
BOTTOM OF THE 3RD
Chicago Hawks batting - Pitching for Wizarding AC Ravenclaws : LHP Ken Burton
Batting: RHB Tim Powell 0-0: Foul Ball, location: 2F
0-1: Ball
1-1: Ball
2-1: Ground out 4-3 (Groundball, 4)
Batting: LHB Motoshige Kitamura 0-0: Ball
1-0: Ground out 5-3 (Groundball, 56S)
Batting: RHB Ed Whitaker 0-0: Called Strike
0-1: Swinging Strike
0-2: Foul Ball, location: 2F
0-2: Foul Ball, location: 2F
0-2: Ground out 6-3 (Groundball, 6)
Bottom of the 3rd over - 0 run(s), 0 hit(s), 0 error(s), 0 left on base; Wizarding AC 0 - Chicago 0
TOP OF THE 4TH
Wizarding AC Ravenclaws batting - Pitching for Chicago Hawks : LHP Tim Powell
Batting: LHB William Wise 0-0: Called Strike
0-1: Swinging Strike
0-2: Ball
1-2: Ball
2-2: Foul Ball, location: 2F
2-2: Strikes out swinging
Batting: RHB Cole Shaffer 0-0: Called Strike
0-1: Ball
1-1: Called Strike
1-2: Fly out, F7 (Flyball, 78S)
Batting: LHB Jerry Harris 0-0: Ball
1-0: Ball
2-0: Ground out U3 (Groundball, 3)
Top of the 4th over - 0 run(s), 0 hit(s), 0 error(s), 0 left on base; Wizarding AC 0 - Chicago 0
BOTTOM OF THE 4TH
Chicago Hawks batting - Pitching for Wizarding AC Ravenclaws : LHP Ken Burton
Batting: RHB Bryan Manning 0-0: Ball
1-0: SINGLE (Groundball, 13) (infield hit)
Batting: RHB Jack Tucker 0-0: 2-RUN HOME RUN (Line Drive, 8LD), Distance : 429 ft
Batting: SHB Mark Kennedy 0-0: Ball
1-0: Ground out 5-3 (Groundball, 5)
Batting: LHB Paul Wilson 0-0: Foul Ball, location: 2F
0-1: Bunted foul
0-2: SINGLE (Line Drive, 6MD)
Batting: RHB Raúl Hernández 0-0: Called Strike
0-1: Called Strike
0-2: Fly out, F9 (Flyball, 89M)
Batting: RHB Ted Young 0-0: Ball
1-0: Fly out, F8 (Flyball, 78M)
Bottom of the 4th over - 2 run(s), 3 hit(s), 0 error(s), 1 left on base; Wizarding AC 0 - Chicago 2
TOP OF THE 5TH
Wizarding AC Ravenclaws batting - Pitching for Chicago Hawks : LHP Tim Powell
Batting: RHB Pablo León 0-0: Ball
1-0: Called Strike
1-1: Ground out 1-3 (Groundball, 13S)
Batting: RHB Arlen King 0-0: Ball
1-0: Ball
2-0: Called Strike
2-1: Fly out, F7 (Flyball, 78XD)
Batting: RHB Juan Torres 0-0: Ball
1-0: Called Strike
1-1: Foul Ball, location: 2F
1-2: Foul Ball, location: 2F
1-2: Foul Ball, location: 2F
1-2: Ball
2-2: Foul Ball, location: 2F
2-2: Ball
3-2: Fly out, F7 (Flyball, 7LD)
Top of the 5th over - 0 run(s), 0 hit(s), 0 error(s), 0 left on base; Wizarding AC 0 - Chicago 2
BOTTOM OF THE 5TH
Chicago Hawks batting - Pitching for Wizarding AC Ravenclaws : LHP Ken Burton
Batting: RHB Tim Powell 0-0: Ball
1-0: Ball
2-0: Ball
3-0: Base on Balls
Batting: LHB Motoshige Kitamura 0-0: Called Strike
0-1: Called Strike
0-2: Fielders Choice at 2nd, 2-4 (Groundball, 2L)
Batting: RHB Ed Whitaker 0-0: Ball
Motoshige Kitamura steals 2nd base
1-0: Called Strike
1-1: Ball
2-1: Called Strike
2-2: Foul Ball, location: 2F
2-2: Ball
3-2: Foul Ball, location: 2F
3-2: Foul Ball, location: 2F
3-2: Strikes out looking
Batting: RHB Bryan Manning 0-0: Foul Ball, location: 2F
0-1: Foul Ball, location: 2F
0-2: Ball
Wild Pitch!
Motoshige Kitamura to third
1-2: Foul Ball, location: 2F
1-2: Foul Ball, location: 2F
1-2: Foul Ball, location: 2F
1-2: Fly out, F6 (Popup, 6MD)
Bottom of the 5th over - 0 run(s), 0 hit(s), 0 error(s), 1 left on base; Wizarding AC 0 - Chicago 2
TOP OF THE 6TH
Wizarding AC Ravenclaws batting - Pitching for Chicago Hawks : LHP Tim Powell
Batting: LHB Ken Burton 0-0: Ball
1-0: DOUBLE (Groundball, 3L)
Batting: RHB Pete Davidson 0-0: Foul Ball, location: 2F
0-1: Ball
1-1: Foul Ball, location: 2F
1-2: Ball
2-2: SINGLE (Groundball, 56)
Ken Burton to third
Runner from 3rd tries for Home, SAFE, throw made home
Pete Davidson to second
Batting: RHB Matt Terry 0-0: Ball
1-0: Ball
Wild Pitch!
Pete Davidson to third
2-0: Ball
3-0: Called Strike
3-1: Ground out 5-3 (Groundball, 5S)
Batting: LHB William Wise 0-0: Called Strike
0-1: Ball
1-1: Ball
2-1: Fly out, F4 (Popup, 34)
Batting: RHB Cole Shaffer 0-0: Called Strike
0-1: Foul Ball, location: 2F
0-2: Strikes out swinging
Top of the 6th over - 1 run(s), 2 hit(s), 0 error(s), 1 left on base; Wizarding AC 1 - Chicago 2
BOTTOM OF THE 6TH
Chicago Hawks batting - Pitching for Wizarding AC Ravenclaws : LHP Ken Burton
Batting: RHB Jack Tucker 0-0: Swinging Strike
0-1: Ball
1-1: Foul Ball, location: 2F
1-2: Ball
2-2: Strikes out swinging
Batting: SHB Mark Kennedy 0-0: Ball
1-0: Called Strike
1-1: Ground out 5-3 (Groundball, 5L)
Batting: LHB Paul Wilson 0-0: Called Strike
0-1: Called Strike
0-2: Strikes out swinging
Bottom of the 6th over - 0 run(s), 0 hit(s), 0 error(s), 0 left on base; Wizarding AC 1 - Chicago 2
TOP OF THE 7TH
Wizarding AC Ravenclaws batting - Pitching for Chicago Hawks : LHP Tim Powell
Batting: LHB Jerry Harris 0-0: Foul Ball, location: 2F
0-1: Fly out, F8 (Flyball, 8LD)
Batting: RHB Pablo León 0-0: Swinging Strike
0-1: Ball
1-1: Foul Ball, location: 2F
1-2: Ball
2-2: Foul Ball, location: 2F
2-2: SOLO HOME RUN (Flyball, 9D), Distance : 371 ft
Batting: RHB Arlen King 0-0: Called Strike
0-1: Ball
1-1: Ball
2-1: Called Strike
2-2: Foul Ball, location: 2F
2-2: Foul Ball, location: 2F
2-2: Foul Ball, location: 2F
2-2: Ball
3-2: Foul Ball, location: 2F
3-2: Ground out 5-3 (Groundball, 5L)
Batting: RHB Juan Torres 0-0: Called Strike
0-1: Ball
1-1: Called Strike
1-2: Ball
2-2: Foul Ball, location: 2F
2-2: Fly out, F7 (Flyball, 7S)
Top of the 7th over - 1 run(s), 1 hit(s), 0 error(s), 0 left on base; Wizarding AC 2 - Chicago 2
BOTTOM OF THE 7TH
Chicago Hawks batting - Pitching for Wizarding AC Ravenclaws : LHP Ken Burton
Pinch Hitting: SHB Esteban Márquez 0-0: Ball
1-0: Ball
2-0: Foul Ball, location: 2F
2-1: Foul Ball, location: 2F
2-2: Foul Ball, location: 2F
2-2: Strikes out swinging
Pinch Hitting: LHB Mal Wadley 0-0: Ball
1-0: Ball
2-0: Called Strike
2-1: Foul Ball, location: 2F
2-2: Ball
3-2: Foul Ball, location: 2F
3-2: Base on Balls
Batting: RHB Tim Powell 0-0: Called Strike
0-1: Ball
1-1: Sac Bunt - play at first, batter OUT! 1-4
Mal Wadley to second
Batting: LHB Motoshige Kitamura 0-0: Ball
1-0: Ball
2-0: Ball
3-0: Base on Balls
Batting: RHB Ed Whitaker 0-0: Ball
1-0: Foul Ball, location: 2F
1-1: Called Strike
1-2: Ground out 6-3 (Groundball, 6)
Bottom of the 7th over - 0 run(s), 0 hit(s), 0 error(s), 2 left on base; Wizarding AC 2 - Chicago 2
TOP OF THE 8TH
Wizarding AC Ravenclaws batting - Pitching for Chicago Hawks : LHP Tim Powell
Now at 3B: José Bravo
Now at SS: Mal Wadley
Pinch Hitting: RHB Manuel González 0-0: Called Strike
0-1: Foul Ball, location: 2F
0-2: Ball
1-2: Ball
2-2: Ground out 6-3 (Groundball, 6)
Batting: RHB Pete Davidson 0-0: Ball
1-0: Foul Ball, location: 2F
1-1: Fly out, F9 (Line Drive, 9D)
Batting: RHB Matt Terry 0-0: Called Strike
0-1: Ball
1-1: Ground out 6-3 (Groundball, 6)
Top of the 8th over - 0 run(s), 0 hit(s), 0 error(s), 0 left on base; Wizarding AC 2 - Chicago 2
BOTTOM OF THE 8TH
Chicago Hawks batting - Pitching for Wizarding AC Ravenclaws : LHP Ken Burton
Pitching: RHP Dave Strong
Batting: RHB Bryan Manning 0-0: Ball
1-0: Ground out 4-3 (Groundball, 6M)
Batting: RHB Jack Tucker 0-0: Ball
1-0: Fly out, F9 (Line Drive, 9S)
Batting: SHB Mark Kennedy 0-0: Ball
1-0: Called Strike
1-1: Ball
2-1: Ground out 1-3 (Groundball, 15S)
Bottom of the 8th over - 0 run(s), 0 hit(s), 0 error(s), 0 left on base; Wizarding AC 2 - Chicago 2
TOP OF THE 9TH
Wizarding AC Ravenclaws batting - Pitching for Chicago Hawks : LHP Tim Powell
Pitching: RHP Jim Dixon
Batting: LHB William Wise 0-0: Ball
1-0: Called Strike
1-1: Ball
2-1: Ball
3-1: Called Strike
3-2: Ground out 6-3 (Groundball, 6)
Batting: RHB Cole Shaffer 0-0: Called Strike
0-1: Swinging Strike
0-2: Strikes out looking
Batting: LHB Jerry Harris 0-0: Swinging Strike
0-1: Ball
1-1: Foul Ball, location: 2F
1-2: Fly out, F9 (Flyball, 89M)
Top of the 9th over - 0 run(s), 0 hit(s), 0 error(s), 0 left on base; Wizarding AC 2 - Chicago 2
BOTTOM OF THE 9TH
Chicago Hawks batting - Pitching for Wizarding AC Ravenclaws : RHP Dave Strong
Pitching: RHP Jackson Haines
Pinch Hitting: LHB Bobby Moore 0-0: Ball
1-0: Foul Ball, location: 2F
1-1: SINGLE (Flyball, 8LS)
Batting: RHB José Bravo 0-0: Ball
1-0: Called Strike
1-1: Ball
2-1: Foul Ball, location: 2F
2-2: Fly out, F5 (Line Drive, 5)
Batting: LHB Mal Wadley 0-0: Called Strike
0-1: Foul Ball, location: 2F
0-2: Ball
1-2: Foul Ball, location: 2F
1-2: DOUBLE (Flyball, 78XD)
Bobby Moore to third
Pinch Hitting: SHB Daryl Moore 0-0: Intentional Walk
Batting: LHB Motoshige Kitamura 0-0: Called Strike
0-1: Called Strike
0-2: Ball
1-2: Ball
2-2: Foul Ball, location: 2F
2-2: Strikes out swinging
Batting: RHB Ed Whitaker 0-0: Called Strike
0-1: Called Strike
0-2: Fly out, F7 (Flyball, 7M)
Bottom of the 9th over - 0 run(s), 2 hit(s), 0 error(s), 3 left on base; Wizarding AC 2 - Chicago 2
TOP OF THE 10TH
Wizarding AC Ravenclaws batting - Pitching for Chicago Hawks : RHP Jim Dixon
Pitching: RHP Martin Benthall
Now in LF: Bobby Moore
Batting: RHB Pablo León 0-0: Ball
1-0: Ground out 4-3 (Groundball, 4)
Pinch Hitting: LHB Walter Kirk 0-0: Ground out 4-3 (Groundball, 13)
Batting: RHB Juan Torres 0-0: Ball
1-0: Ball
2-0: Ball
3-0: Base on Balls
Pinch Hitting: LHB Jay Carlson 0-0: Ball
1-0: Ball
2-0: Ball
3-0: Base on Balls
Juan Torres to second
Batting: RHB Pete Davidson 0-0: Called Strike
0-1: Fielders Choice at 2nd, U6 (Groundball, 6M)
Top of the 10th over - 0 run(s), 0 hit(s), 0 error(s), 2 left on base; Wizarding AC 2 - Chicago 2
BOTTOM OF THE 10TH
Chicago Hawks batting - Pitching for Wizarding AC Ravenclaws : RHP Jackson Haines
Pitching: RHP Curt Pennington
Now in RF: Walter Kirk
Batting: RHB Bryan Manning 0-0: Ground out 5-3 (Groundball, 5S)
Batting: RHB Jack Tucker 0-0: Ball
1-0: Called Strike
1-1: Ground out 4-3 (Groundball, 4)
Batting: SHB Mark Kennedy 0-0: Called Strike
0-1: Ball
1-1: Ground out 5-3 (Groundball, 5S)
Bottom of the 10th over - 0 run(s), 0 hit(s), 0 error(s), 0 left on base; Wizarding AC 2 - Chicago 2
TOP OF THE 11TH
Wizarding AC Ravenclaws batting - Pitching for Chicago Hawks : RHP Martin Benthall
Batting: RHB Matt Terry 0-0: Ground out 6-3 (Groundball, 6)
Batting: LHB William Wise 0-0: Ball
1-0: SINGLE (Groundball, 4M)
Batting: RHB Cole Shaffer 0-0: Ball
William Wise is caught stealing 2nd base
1-0: Called Strike
1-1: Ball
2-1: Foul Ball, location: 2F
2-2: Strikes out swinging
Top of the 11th over - 0 run(s), 1 hit(s), 0 error(s), 0 left on base; Wizarding AC 2 - Chicago 2
BOTTOM OF THE 11TH
Chicago Hawks batting - Pitching for Wizarding AC Ravenclaws : RHP Curt Pennington
Batting: LHB Bobby Moore 0-0: Ball
1-0: Ball
2-0: Ball
3-0: Base on Balls
Batting: RHB José Bravo 0-0: Ball
1-0: Foul Ball, location: 2F
1-1: Fielders Choice at 2nd, 4-6 (Groundball, 4M)
Batting: LHB Mal Wadley 0-0: Ball
1-0: Called Strike
1-1: Foul Ball, location: 2F
1-2: Foul Ball, location: 2F
1-2: Ball
2-2: Strikes out looking
Batting: RHB Martin Benthall 0-0: Ball
1-0: Ball
2-0: Foul Ball, location: 2F
2-1: SINGLE (Flyball, 8LS)
José Bravo to second
Runner from 2nd tries for 3rd, SAFE, throw made to third
Batting: LHB Motoshige Kitamura 0-0: 3-RUN HOME RUN (Line Drive, 8RXD), Distance : 434 ft
This league is powered by Out of the Park Baseball, the baseball management simulation game for PC, Mac and Linux
Monday, May 4th, 2015 - OOTP Baseball 15.6 Build 34